 Dungeon Crawl Stone Soup version 0.19.5 (webtiles) character file.

110 Megalobster the Conjurer (level 4, -9/27 HPs)
             Began as an Octopode Conjurer on Apr 17, 2017.
             Mangled by an orc priest
             ... wielding a +0 trident
              (10 damage)
             ... on level 3 of the Dungeon on Apr 18, 2017.
             The game lasted 00:11:28 (3132 turns).

Megalobster the Conjurer (Octopode Conjurer)        Turns: 3132, Time: 00:11:28

Health: -9/27      AC:  1    Str:  7    XL:     4   Next: 91%
Magic:  4/8        EV: 13    Int: 18    God:
Gold:   84         SH:  0    Dex: 12    Spells: 2 memorised, 5 levels left

rFire  . . .     SeeInvis .     f - +0 dagger (speed)
rCold  . . .     Gourm    .     (no shield)
rNeg   . . .     Faith    .     (helmet restricted)
rPois  .         Spirit   .     v - amulet of rage
rElec  .         Reflect  .     (no ring)
rCorr  .         Harm     .     (no ring)
MR     .....                    (no ring)
Stlth  ++++......               (no ring)
                                (no ring)
                                (no ring)
                                (no ring)
                                (no ring)

@: no status effects
A: almost no armour, stealthy swim, amphibious, 8 rings, constrict 8, camouflage
1, gelatinous body 1
a: Evoke Berserk Rage


You were on level 3 of the Dungeon.
You were hungry.

You visited 1 branch of the dungeon, and saw 3 of its levels.

You collected 84 gold pieces.

Inventory:

Hand Weapons
 b - a +2 hand axe of chopping
 f - a +0 dagger of speed (weapon)
 i - a +1 vampiric whip
Magical Staves
 q - an uncursed staff of air
Jewellery
 v - an amulet of rage (around mantle)
Scrolls
 e - a scroll of blinking {unknown}
 g - 3 scrolls of identify {unknown}
 j - a scroll of fear {unknown}
 k - 2 scrolls of immolation {unknown}
 o - 2 scrolls of enchant weapon {unknown}
 p - a scroll of teleportation {unknown}
 r - 2 scrolls of remove curse {unknown}
 u - 3 scrolls of amnesia {unknown}
 x - a scroll of magic mapping {unknown}
Potions
 c - 3 potions of curing {unknown}
 d - a potion of might {unknown}
 h - a potion of lignification {unknown}
 l - 2 potions of invisibility {unknown}
 m - a potion of degeneration {unknown}
 n - a potion of ambrosia {unknown}
 s - a potion of brilliance {unknown}
 t - a potion of haste {unknown}
 w - a potion of flight {unknown}
Books
 a - a book of Conjurations

   Spells                             Type                      Level
   a - Magic Dart                     Conjuration                  1
   b - Searing Ray                    Conjuration                  2
   c - Dazzling Spray                 Conjuration/Hexes            3
   d - Fulminant Prism                Conjuration/Hexes            4
   e - Iskenderun's Mystic Blast      Conjuration                  4
   f - Iskenderun's Battlesphere      Conjuration/Charms           5
Comestibles
 A - a bread ration


   Skills:
 - Level 2.0 Dodging
 + Level 4.4 Stealth
 + Level 2.6 Spellcasting
 * Level 5.1 Conjurations


You had 5 spell levels left.
You knew the following spells:

 Your Spells              Type           Power        Failure   Level  Hunger
a - Magic Dart            Conj           ###.         1%          1    #......
b - Searing Ray           Conj           ###...       3%          2    ##.....


Dungeon Overview and Level Annotations

Branches:
Dungeon (3/15)

Altars:


Innate Abilities, Weirdness & Mutations

You cannot wear most types of armour.
You are very stealthy in the water. (Stealth+)
You are amphibious.
You can wear up to eight rings at the same time.
You can use your tentacles to constrict eight enemies at once.
Your skin changes colour to match your surroundings (Stealth+).
Your rubbery body absorbs attacks. (AC +1, EV +1)


Message History

Pain shoots through your body!
* * * LOW HITPOINT WARNING * * *
The orc priest hits you from afar with a trident.
* * * LOW HITPOINT WARNING * * *
Okay, then.
The orc priest misses you.
Things that are here:
a ring mail; an orc corpse You hit the orc priest but do no damage.
You grab the orc priest. You constrict the orc priest.
You barely miss the orc priest.
The orc priest is lightly wounded.
You constrict the orc priest, but do no damage.
The orc priest hits you with a trident.
* * * LOW HITPOINT WARNING * * *
You hit the orc priest.
The orc priest is moderately wounded.
You constrict the orc priest, but do no damage.
The orc priest hits you with a trident!
You die...

#.....# #.# #.....# #.# #.....#
#.# #....)# #.# #######..# #.#
........># #†# .........# #.#
.........# #o#################
.........# #.@...............#
........############..........#
#####.#........#####..........#
#.#........##.............#
#.#........##.........#####
#.#........##.........#
#.#........##.........#
#####..........##.........#
.......÷.......#####.######


You could see an orc priest.

Vanquished Creatures
  An orc priest (D:3)
  2 adders (D:2)
  An ooze (D:1)
  3 worms
  2 leopard geckos (D:2)
  2 orcs (D:3)
  A ball python (D:2)
  2 giant cockroaches
  6 goblins
  4 hobgoblins
  2 jackals (D:3)
  2 bats
  13 frilled lizards
  6 kobolds
  3 rats
50 creatures vanquished.

Notes
Turn   | Place    | Note
-------+----------+-------------------------------------------
     0 | D:1      | Megalobster the Octopode Conjurer began the quest for the Orb.
     0 | D:1      | Reached XP level 1. HP: 11/11 MP: 3/3
   399 | D:1      | Reached XP level 2. HP: 12/17 MP: 1/5
   523 | D:1      | Learned a level 2 spell: Searing Ray
  1675 | D:2      | Reached XP level 3. HP: 21/21 MP: 1/6
  2480 | D:2      | Reached XP level 4. HP: 23/27 MP: 2/7
  3032 | D:3      | Reached skill level 5 in Conjurations
  3131 | D:3      | HP: 1/27 [orc priest/trident (1)]
  3132 | D:3      | Mangled by an orc priest

Skill      XL: |  1  2  3  4 |
---------------+-------------+-----
Stealth        | 3 4 |  4.4
Conjurations   | 5 |  5.1
Dodging        | |  2.0
Spellcasting   | |  2.6

Action                   |  1- 3 |  4- 6 || total
-------------------------+-------+-------++-------
Melee: Dagger            |    15 |     8 ||    23
       Constrict         |     4 |     2 ||     6
       Tentacles         |     2 |       ||     2
 Cast: Magic Dart        |    64 |    17 ||    81
       Searing Ray       |     6 |     3 ||     9
 Abil: Evoke Berserk Rag |       |     1 ||     1
  Eat: Chunk             |     2 |       ||     2
       Royal jelly       |     1 |       ||     1
       Bread ration      |     1 |       ||     1
Armor: Skin              |     2 |     1 ||     3
Dodge: Dodged            |    10 |    11 ||    21
